 Dungeon Sprint DCSS version 0.21-a0-434-g806c6c2 (webtiles) character file.

2057 mastercheaf21 the Unseen (level 9, -4/55 HPs)
             Began as an Octopode Assassin on Nov 9, 2017.
             Was a Believer of Dithmenos.
             Slain by a demonic crawler (7 damage)
             ... in the Dungeon (Sprint I: "Red Sonja").
             The game lasted 00:05:01 (422 turns).

mastercheaf21 the Unseen (Octopode Assassin)         Turns: 422, Time: 00:05:04

Health: -4/55      AC:  1    Str: 12    XL:     9   Next: 25%
Magic:  9/9        EV: 22    Int: 14    God:    Dithmenos [**....]
Gold:   515        SH:  0    Dex: 14    Spells: 8/8 levels left

rFire    . . .     SeeInvis .   a - +2 dagger
rCold    . . .     Gourm    .   (no shield)
rNeg     . . .     Faith    .   (helmet restricted)
rPois    .         Spirit   .   (no amulet)
rElec    .         Reflect  .   (no ring)
rCorr    .         Harm     .   (no ring)
MR       .....     NoTele   +   (no ring)
Stlth    +++++++++.             (no ring)
HPRegen  0.18/turn              (no ring)
MPRegen  0.11/turn              (no ring)
                                (no ring)
                                (no ring)

@: wreathed by umbra
A: almost no armour, stealthy swim, amphibious, 8 rings, constrict 8, camouflage
1, gelatinous body 1
a: Shadow Step, Renounce Religion


You were in the Dungeon.
You worshipped Dithmenos.
Dithmenos was pleased with you.
You were not hungry.

You visited 1 branch You collected 515 gold pieces.

Inventory:

Hand Weapons
 a - a +2 dagger (weapon)
 b - a +0 blowgun
 n - a +2 dagger of distortion
Missiles
 c - 8 poisoned needles
 d - 7 curare-tipped needles
Scrolls
 k - a scroll of blinking
 l - a scroll of remove curse {unknown}
Potions
 e - a potion of curing
 g - a potion of heal wounds
 h - a potion of haste
 i - 2 potions of magic
 j - a potion of berserk rage
 m - a potion of degeneration {unknown}
Comestibles
 f - a bread ration


   Skills:
 - Level 2.5 Fighting
 - Level 2.5 Short Blades
 - Level 2.5 Throwing
 + Level 14.0 Dodging
 - Level 18.8 Stealth


You had 8 spell levels left.
You didn't know any spells.

Dungeon Overview and Level Annotations

Branches:
Dungeon (1/1)

Altars:
Cheibriados
Dithmenos
Elyvilon
Fedhas
Gozag
Hepliaklqana
Kikubaaqudgha
Makhleb
Nemelex Xobeh
Okawaru
Qazlal
Ru
Sif Muna
Trog
Uskayaw
Vehumet
Wu Jian
Xom
Yredelemnul
Zin
The Shining One
Jiyva
Lugonu

Shops:
D ?


Innate Abilities, Weirdness & Mutations

You cannot wear most types of armour.
You are very stealthy in the water. (Stealth+)
You are amphibious.
You can wear up to eight rings at the same time.
You can use your tentacles to constrict eight enemies at once.
Your skin changes colour to match your surroundings (Stealth+).
Your rubbery body absorbs attacks. (AC +1, EV +1)


Message History

* * * LOW HITPOINT WARNING * * *
The demonic crawler closely misses you.
The demonic crawler completely misses you.
You hit the demonic crawler.
You squeeze the demonic crawler, but do no damage.
The demonic crawler is lightly wounded.
The demonic crawler misses you. x2
The demonic crawler completely misses you.
The demonic crawler hits you!
* * * LOW HITPOINT WARNING * * *
The demonic crawler completely misses you. x2
The demonic crawler barely misses you. The demonic crawler misses you. x2
You hit the demonic crawler but do no damage.
Your squeeze misses the demonic crawler.
The demonic crawler is lightly wounded.
The demonic crawler completely misses you.
The demonic crawler hits you.
* * * LOW HITPOINT WARNING * * *
The demonic crawler misses you. The demonic crawler hits you!
You die...

#################
#.)'..#__#..'..)#
'..#..'^.'..#...##+#
#####'#__####)..@ss#
#...#.#### #####s.+
#..##.# +## ##'#_.+
.'..._# ##_.#+#
###'# ###.## +...+


You could see 3 demonic crawlers.

Vanquished Creatures
  Sonja (D)
  2 kobold demonologists (D)
  A demonic crawler (D)
  A slime creature (D)
  Sigmund (D)
  A yak (D)
  A floating eye (D)
  An ogre (D)
  A jelly (D)
  Ijyb (D)
11 creatures vanquished.

Notes
Turn   | Place    | Note
-------+----------+-------------------------------------------
     0 | D        | mastercheaf21 the Octopode Assassin began the quest for the Orb.
     0 | D        | Reached XP level 1. HP: 14/14 MP: 1/1
     2 | D        | Noticed Ijyb
     6 | D        | Killed Ijyb
     6 | D        | Reached skill level 8 in Stealth
     6 | D        | Reached XP level 2. HP: 20/20 MP: 2/2
     9 | D        | Noticed an ogre
    12 | D        | Killed an ogre
    12 | D        | Reached skill level 13 in Stealth
    12 | D        | Reached XP level 3. HP: 25/25 MP: 3/3
    12 | D        | Reached XP level 4. HP: 30/30 MP: 4/4
    24 | D        | Noticed Sigmund
    27 | D        | Killed Sigmund
    27 | D        | Reached skill level 16 in Stealth
    27 | D        | Reached XP level 5. HP: 35/35 MP: 5/5
    27 | D        | Reached XP level 6. HP: 41/41 MP: 6/6
    43 | D        | Found an ornate altar of the Wu Jian Council.
    43 | D        | Found a deep blue altar of Sif Muna.
    45 | D        | Found a radiant altar of Vehumet.
    60 | D        | Reached skill level 17 in Stealth
   324 | D        | Found Yclaosmo's Magic Scroll Emporium.
   324 | D        | Found an ancient bone altar of Kikubaaqudgha.
   324 | D        | Found a hazy altar of Hepliaklqana.
   324 | D        | Found a stormy altar of Qazlal.
   324 | D        | Found a hide-covered altar of Uskayaw.
   324 | D        | Found a blossoming altar of Fedhas.
   324 | D        | Found a bloodstained altar of Trog.
   324 | D        | Found an iron altar of Okawaru.
   324 | D        | Found a basalt altar of Yredelemnul.
   324 | D        | Found a glowing golden altar of the Shining One.
   324 | D        | Found a snail-covered altar of Cheibriados.
   324 | D        | Found a sacrificial altar of Ru.
   324 | D        | Found a glowing silver altar of Zin.
   324 | D        | Found a shadowy altar of Dithmenos.
   324 | D        | Found a white marble altar of Elyvilon.
   324 | D        | Noticed a yak
   325 | D        | Found an opulent altar of Gozag.
   326 | D        | Killed a yak
   326 | D        | Reached skill level 18 in Stealth
   326 | D        | Reached XP level 7. HP: 45/45 MP: 7/7
   327 | D        | Found a sparkling altar of Nemelex Xobeh.
   337 | D        | Became a worshipper of Dithmenos the Shadowed
   351 | D        | Noticed Sonja
   355 | D        | Killed Sonja
   355 | D        | Reached skill level 10 in Dodging
   355 | D        | Reached XP level 8. HP: 51/51 MP: 8/8
   383 | D        | Found a burning altar of Makhleb.
   383 | D        | Found a viscous altar of Jiyva.
   383 | D        | Found a shimmering altar of Xom.
   383 | D        | Found a corrupted altar of Lugonu.
   383 | D        | Noticed a slime creature
   386 | D        | Killed a slime creature
   399 | D        | Noticed a kobold demonologist
   400 | D        | Noticed a kobold demonologist
   402 | D        | Reached * piety under Dithmenos
   404 | D        | Killed a kobold demonologist
   406 | D        | Killed a kobold demonologist
   406 | D        | Reached XP level 9. HP: 55/55 MP: 9/9
   417 | D        | Noticed a demonic crawler
   417 | D        | Noticed a demonic crawler
   417 | D        | Noticed a demonic crawler
   417 | D        | Noticed a demonic crawler
   419 | D        | Killed a demonic crawler
   419 | D        | Reached ** piety under Dithmenos
   422 | D        | Slain by a demonic crawler

Vault maps used:
D:        dungeon_sprint_1

Skill      XL: |  1  2  3  4  5  6  7  8  9 |
---------------+----------------------------+-----
Stealth        | 8 13 16 18 | 18.8
Dodging        | 10 13 14 | 14.0
Fighting       | |  2.5
Short Blades   | |  2.5
Throwing       | |  2.5

Action                   |  1- 3 |  4- 6 |  7- 9 || total
-------------------------+-------+-------+-------++-------
Melee: Dagger            |     3 |     6 |     9 ||    18
       Tentacles         |     1 |     2 |     2 ||     5
       Constrict         |     1 |       |       ||     1
 Fire: Blowgun           |       |     4 |       ||     4
 Stab: Sleeping          |     2 |     2 |     6 ||    10
Armor: Skin              |       |     1 |       ||     1
Dodge: Dodged            |       |     3 |    17 ||    20

Table legend:
 A = Spawn XP
 B = Non-spawn XP
 C = Spawn XP percentage of total XP
 D = Spawn monster count
 E = Non-spawn monster count
 F = Spawn count percentage of total count
 G = Total turns spent on level
                    A         B        C        D         E        F      G
               +---------+---------+-------+---------+---------+-------+---------
         Total |       0 |    2939 |   0.0 |       0 |      11 |   0.0 |   422
               +---------+---------+-------+---------+---------+-------+---------
             D |       0 |    2939 |   0.0 |       0 |      11 |   0.0 |   422
               +---------+---------+-------+---------+---------+-------+---------
